Map: Orbital Shipyard

Players

wabbajack - Winner!

  • Race: Zerg Zerg
  • League: Grandmaster

Onslaught

  • Race: Zerg Zerg
  • League: Grandmaster

VOD

Have the link to the VOD?

Description

Time

  • Played on: July 15, 2015, 9:27 p.m.
  • Length: 5:01
Show
View Real Time Build Order
Export as new Build Order

wabbajack Zerg - Winner!

Build Orders: Hatch First 

Get SALT Encoding   

  12  0:01  Drone  
  13  0:14  Overlord  
  13  0:18  Drone  
  14  0:22  Extractor  
  14  0:24  Drone  
  15  0:33  Drone  
  16  0:36  Drone  
  17  0:54  Hatchery  
  16  1:01  Drone  
  16  1:03  Drone  
  18  1:07  Extractor  
  18  1:08  Drone  
  18  1:18  Spawning Pool  
  17  1:31  Drone  
  17  1:32  Drone  
  19  1:40  Overlord  
  19  1:57  Drone  
  20  2:06  Queen x2  
  20  2:08  Zergling x4  
  26  2:12  Metabolic Boost  
  26  2:19  Drone  
  26  2:20  Drone  
  28  2:25  Roach Warren  
  28  2:28  Drone  
  28  2:29  Drone  
  28  3:07  Overlord  
  28  3:09  Overlord  
  28  3:18  Roach  
  28  3:19  Roach x3  
  36  3:28  Roach x3  
  36  3:33  Overlord  
  42  3:34  Roach  
  44  3:54  Roach  
  46  4:03  Zergling x2  
  46  4:04  Zergling x20  
  57  4:10  Overlord x2  
  57  4:17  Drone  
  57  4:18  Drone  
  57  4:20  Drone  
  60  4:40  Spine Crawler  
  60  4:42  Spine Crawler, Zergling x6  
  60  4:43  Zergling x8  
Show
View Real Time Build Order
Export as new Build Order

Onslaught Zerg 

Build Orders: Pool First 

Get SALT Encoding   

  12  0:01  Drone  
  13  0:12  Overlord  
  13  0:17  Drone  
  14  0:31  Overlord  
  14  0:36  Drone  
  14  0:37  Drone  
  16  0:52  Drone  
  16  0:53  Spawning Pool  
  16  1:14  Hatchery  
  15  1:18  Drone  
  15  1:21  Drone  
  17  1:25  Extractor  
  16  1:40  Zergling x4  
  16  1:41  Queen  
  16  1:43  Drone  
  21  1:52  Drone  
  22  2:02  Drone  
  23  2:14  Drone  
  24  2:19  Queen, Extractor  
  25  2:24  Drone  
  25  2:26  Queen  
  28  2:30  Drone  
  28  2:31  Metabolic Boost  
  28  2:35  Drone  
  30  2:41  Drone  
  31  2:48  Drone x2  
  32  3:05  Drone x4  
  36  3:10  Roach Warren  
  34  3:13  Evolution Chamber  
  34  3:15  Overlord  
  33  3:20  Overlord  
  33  3:29  Lair  
  33  3:42  Zergling x8  
  37  3:57  Overlord x3  
  37  4:19  Roach x6  
  49  4:24  Overlord  
  49  4:45  Ravager  
  50  4:47  Ravager  
Tags
 
Add a new tag
Caveats
  • Supply blocks, unpowered buildings, or Contaminate may cause inaccurate times.
  • Supply counts are checked every 10 seconds.